 Dungeon Crawl Stone Soup version 0.31-a0-325-g067879e3d3 (webtiles) character file.

Game seed: 13012912770930228320

127 NinjaNoafa the Poker (level 5, -3/10 HPs)
             Began as a Merfolk Gladiator on July 18, 2023.
             Slain by Grinder (5 damage)
             ... on level 3 of the Dungeon.
             The game lasted 00:04:43 (2053 turns).

NinjaNoafa the Poker (Merfolk Gladiator)            Turns: 2053, Time: 00:04:44

Health: -3/10      AC:  8    Str: 22    XL:     5   Next: 11%
Magic:  5/5        EV: 11    Int:  7    God:
Gold:   223        SH:  0    Dex: 15    Spells: 4/4 levels left

rFire   + . .        (weapon currently unavailable)
rCold   . . .        (shield currently unavailable)
rNeg    . . .        b - melded +0 leather armour
rPois   .            c - melded +0 helmet
rElec   .            (cloak currently unavailable)
rCorr   .            (gloves currently unavailable)
SInv    .            (boots currently unavailable)
Will    .....        j - amulet of magic regeneration
Stlth   +            i - ring of flight
HPRegen 0.21/turn    s - ring of protection from fire
MPRegen 0.49/turn

%: no passive effects
@: snake-form, flying
A: constrict, reduced hp, large, (nimble swimmer 2), (mertail)
a: Begin Untransformation


You were on level 3 of the Dungeon.
You were an enormous anaconda.
You visited 1 branch of the dungeon, and saw 3 of its levels.

You collected 271 gold pieces.
You spent 48 gold pieces at shops.

Inventory:

Hand Weapons
 a - a +0 trident
Missiles
 d - 3 throwing nets (quivered)
 e - a javelin
Armour
 b - a +0 leather armour (melded)
 c - a +0 helmet (melded)
Jewellery
 i - a ring of flight (left hand)
 j - an amulet of magic regeneration (around neck)
 r - a ring of ice
 s - a ring of protection from fire (right hand)
Talismans
 w - a serpent talisman
Wands
 m - a wand of charming (8)
Scrolls
 g - 2 scrolls of vulnerability {unknown}
 h - a scroll of enchant weapon {unknown}
 k - a scroll of immolation {unknown}
 n - a scroll of acquirement {unknown}
 o - a scroll of amnesia {unknown}
 p - 2 scrolls of fog
 u - a scroll of teleportation {unknown}
 v - a scroll of blinking {unknown}
Potions
 f - a potion of cancellation
 l - a potion of attraction
 q - 2 potions of mutation


   Skills:
 - Level 2.1 Fighting
 - Level 7.1 Polearms
 - Level 2.0 Throwing
 - Level 4.0 Dodging
 + Level 0.5 Unarmed Combat
 + Level 1.3 Shapeshifting


You had 4 spell levels left.
You didn't know any spells.
Your spell library contained the following spells:

 Spells                   Type           Power      Damage    Failure   Level
 Stone Arrow              Conj/Erth      0%         3d7       80%         3
 Animate Armour           Summ/Erth      0%         N/A       99%         4
 Lehudib's Crystal Spear  Conj/Erth      0%         10d2      100%        8


Dungeon Overview and Level Annotations

Branches:
Dungeon (3/15) Zot: 15933

Altars:
Kikubaaqudgha
Makhleb
Xom

Shops:
D:1 ?

Annotations:
D:3 Grinder


Innate Abilities, Weirdness & Mutations

You are an enormous anaconda.
You have a powerful constriction melee attack.
Your maximum health is decreased, since you lack skill for your form.
Your armour is entirely melded.
You are incapable of wielding weapons or throwing items.
((You are very nimble when in or above water. (Stealth+, EV+, Speed+++)))
((Your lower body shifts to a powerful aquatic tail in water.))


Message History

A worm is nearby!
There is an open door here.
You hit the worm. You grab the worm. You constrict the worm.
The worm barely misses you.
You hit the worm. You constrict the worm. You hit the worm.
You constrict the worm.
You kill the worm!
You have reached level 5!
You feel stronger.
Health restored: 9; MP restored: 5
Okay, then.
Unknown command.
Unknown command.
Unknown command.
There is an open door here.
Grinder, a rat and an adder come into view.
Grinder shouts!
The adder hisses angrily.
There are monsters nearby!
There are monsters nearby!
There are monsters nearby!
The adder attacks as you move away! The adder barely misses you.
Grinder blinks!
The adder bites you but does no damage.
You hit the adder. You grab the adder. You constrict the adder.
The adder closely misses you. The adder bites you but does no damage.
You completely miss the adder. You constrict the adder.
The adder barely misses you.
You completely miss the adder. You constrict the adder.
The adder barely misses you.
You lash the adder!
You kill the adder!
Health restored: 10 You lash the rat!
You kill the rat!
Grinder says, "Make like a tree!"
Grinder hits you!
Ouch! That really hurt!
* * * LOW HITPOINT WARNING * * *
You writhe in agony.
Ouch! That really hurt!
You die...

#.≈#≈...≈§#
#.≈#≈..§≈## ###
#.≈#≈≈≈≈≈# ###
#.§##⌠#⌠###### #####Z
#.≈≈######...###..###
#..........#.....##..
##..........####..#._
###.######.# #.##..
#S# #.# #..... #5#
#.####..#..
#......r.##...##..###
#........####..#.####
#........###.........
#....................
#......>.#...........
#........#...........
#####.####...........


You could see Grinder.

Vanquished Creatures
  Jessica (D:2)
  Ijyb (D:3)
  An adder (D:3)
  2 worms
  3 dart slugs
  9 ball pythons
  5 endoplasms
  3 giant cockroaches
  7 goblins (D:1)
  2 hobgoblins
  6 kobolds
  A quokka (D:1)
  8 bats
  A frilled lizard (D:1)
  5 rats
55 creatures vanquished.

Vanquished Creatures (others)
  A human (D:3)
1 creature vanquished.

Grand Total: 56 creatures vanquished

Notes
Turn   | Place    | Note
-------+----------+-------------------------------------------
     0 | D:1      | NinjaNoafa the Merfolk Gladiator began the quest for the
                  | Orb.
     0 | D:1      | Reached XP level 1. HP: 16/16 MP: 1/1
   190 | D:1      | Reached XP level 2. HP: 22/22 MP: 2/2
   276 | D:1      | Reached skill level 5 in Polearms
   416 | D:1      | Reached XP level 3. HP: 27/27 MP: 3/3
   458 | D:1      | Found Agannusch's Magic Scroll Shoppe.
   461 | D:1      | Bought a scroll of identify for 24 gold pieces
   461 | D:1      | Bought a scroll of identify for 24 gold pieces
  1224 | D:2      | Reached skill level 6 in Polearms
  1249 | D:2      | Found a shimmering altar of Xom.
  1259 | D:2      | Noticed Jessica
  1266 | D:2      | Killed Jessica
  1267 | D:2      | Reached XP level 4. HP: 31/33 MP: 4/4
  1760 | D:3      | Found an ancient bone altar of Kikubaaqudgha.
  1764 | D:3      | Noticed a human
  1766 | D:3      | Killed a human
  1790 | D:3      | Noticed Ijyb
  1875 | D:3      | Killed Ijyb
  1876 | D:3      | Reached skill level 7 in Polearms
  1876 | D:3      | Reached skill level 1 in Shapeshifting
  2020 | D:3      | Found a burning altar of Makhleb.
  2026 | D:3      | Reached XP level 5. HP: 9/38 MP: 5/5
  2044 | D:3      | Noticed Grinder
  2053 | D:3      | Slain by Grinder

Illustrated notes

Levels and vault maps discovered:
D:1:      lightli_arrival_quake, layout_rooms, serial_co_window_serial,
          co_window_paths_a, co_window_paths_b, co_window_paths_a,
          co_window_corner_a, co_window_cross_1, co_window_unsneaky_path_d,
          co_window_broadway_c, co_window_unsneaky_path_e,
          co_window_of_opportunity_c, co_window_paths_d, co_window_sun,
          glass_columns_b, glass_columns_c, glass_columns_a, glass_columns_c,
          serial_shops, nicolae_shop_behind_doors, st_stairs_1
D:2:      layout_rooms, basic_altar, guppyfry_early_lair_pool, uniq_jessica
D:3:      layout_rooms, lightli_temple_of_fire, tgw_kikubaaqudgha, serial_shops,
          shop, uniq_grinder, uniq_ijyb

Skill      XL: |  1  2  3  4 |
---------------+-------------+-----
Polearms       | 5 6 7 |  7.1
Shapeshifting  | 1 |  1.3
Fighting       | |  2.1
Throwing       | |  2.0
Dodging        | |  4.0
Unarmed Combat | |  0.5

Action                     |  1- 3 |  4- 6 || total
---------------------------+-------+-------++-------
  Melee: Trident           |   123 |    28 ||   151
         Punch             |     1 |       ||     1
         Unarmed           |       |    16 ||    16
         Constrict         |       |     2 ||     2
    Use: Scroll            |     2 |     2 ||     4
         Potion            |       |     2 ||     2
   Stab: Sleeping          |     2 |     2 ||     4
 Armour: Leather armour    |    34 |     4 ||    38
         Skin              |       |    15 ||    15
  Dodge: Dodged            |    78 |    33 ||   111
   Form: Anaconda          |       |     1 ||     1

Table legend: (Time is in decaauts)
 A = Elapsed time spent in this place.
 B = Non-inter-level travel time spent in this place.
 C = Inter-level travel time spent in this place.
 D = Time resting spent in this place.
 E = Time spent auto-exploring this place.
 F = Levels seen in this place.
 G = Mean time per level.
                   A        B        C        D        E       F      G
               +--------+--------+--------+--------+--------+-----+--------+
         Total |   2065 |   1941 |    124 |      0 |   1452 |   3 |  688.3 |
       Dungeon |   2065 |   1941 |    124 |      0 |   1452 |   3 |  688.3 |
               +--------+--------+--------+--------+--------+-----+--------+

Top non-repeatable levels by time:
     D:1: 1181 daAuts
     D:3: 451 daAuts
     D:2: 432 daAuts
